 Dungeon Crawl Stone Soup version 0.31-a0-841-g038b102fc3 (webtiles) character file.

Game seed: 4357796653331589090

203 CraigForest the Ruffian (level 5, -1/26 HPs)
             Began as a Gargoyle Shapeshifter on Sept 27, 2023.
             Was a Follower of Hepliaklqana.
             Slain by a killer bee (5 damage)
             ... on level 3 of the Dungeon.
             The game lasted 00:09:57 (2778 turns).

CraigForest the Ruffian (Gargoyle Shapeshifter)     Turns: 2778, Time: 00:09:57

Health: -1/26      AC: 10    Str: 19    XL:     5   Next: 81%
Magic:  5/5        EV: 10    Int: 11    God:    Hepliaklqana [*.....]
Gold:   47         SH:  4    Dex: 17    Spells: 4/4 levels left

rFire   . . .        o - +12 short sword of the Final Decision {heavy, Drain Fragile Dex+8 Stlth+}
rCold   . . .        (no shield)
rNeg    + . .        l - +0 scale mail
rPois   ∞            (helmet currently unavailable)
rElec   +            (cloak currently unavailable)
rCorr   .            (gloves currently unavailable)
SInv    .            (boots currently unavailable)
Will    .....        (no amulet)
Stlth   ++           (no ring)
HPRegen 0.24/turn    (no ring)
MPRegen 0.09/turn

%: no passive effects
@: beast-form
A: beast (slay +1), reduced essence, sickness immunity, AC +4, negative energy
resistance 1, electricity resistance, torment resistance 1, petrification
resistance, large bone plates 1, wild magic 1, MP-powered wands
a: Begin Untransformation, Renounce Religion, Recall Ancestor, Ancestor Identity


You were on level 3 of the Dungeon.
You worshipped Hepliaklqana.
Hepliaklqana was aware of your devotion.
You were a hulking beast.
You visited 1 branch of the dungeon, and saw 4 of its levels.

You collected 135 gold pieces.
You spent 88 gold pieces at shops.

Inventory:

Hand Weapons
 g - a +1 mace of protection
 o - the +12 short sword of the Final Decision (weapon) {heavy, Drain Fragile Dex+8 Stlth+}
   (You found it on level 2 of the Dungeon)

   Dex+8:     It affects your dexterity (+8).
   Drain:     It drains your maximum health when unequipped.
   Fragile:   It will be destroyed if unequipped.
   Stlth+:    It makes you more stealthy.
 w - a +2 quarterstaff of chaos
Missiles
 n - a boomerang
 q - 6 poisoned darts
Armour
 a - a +0 animal skin
 f - a +0 robe
 h - a +0 leather armour
 l - a +0 scale mail (worn)
 x - a +0 cloak
Jewellery
 s - a ring of ice
Talismans
 c - a beast talisman (active)
 d - a flux talisman
Scrolls
 e - a scroll of vulnerability
 i - 2 scrolls of teleportation
 k - a scroll of fog
 m - a scroll of blinking {unknown}
 v - a scroll of revelation {unknown}
Potions
 b - a potion of lignification
 j - a potion of enlightenment
 p - a potion of heal wounds
 r - a potion of curing {unknown}
 t - a potion of brilliance {unknown}
 u - a potion of mutation


   Skills:
 + Level 1.4 Fighting
 + Level 1.3 Short Blades
 + Level 2.1 Armour
 + Level 2.5 Dodging
 + Level 1.4 Stealth
 + Level 0.1 Shields
 - Level 4.0 Unarmed Combat
 - Level 3.0 Shapeshifting


You had 4 spell levels left.
You didn't know any spells.
Your spell library contained the following spells:

 Spells                   Type           Power      Damage    Failure   Level
 Slow                     Hex            0%         N/A       78%         1
 Confusing Touch          Hex            0%         N/A       98%         3
 Ignite Poison            Fire/Tmut/Pois 0%         N/A       98%         3
 Sigil of Binding         Hex            0%         N/A       98%         3
 Vampiric Draining        Necr           0%         2d6       98%         3
 Volatile Blastmotes      Fire/Tloc      0%         2d10      98%         3
 Fulminant Prism          Conj/Hex       0%         3d5       100%        4
 Iskenderun's Mystic Bla  Conj/Tloc      0%         2d3       100%        4
 Freezing Cloud           Conj/Ice/Air   0%         6-21      100%        5
 Cigotuvi's Dreadful Rot  Necr/Pois/Air  Unusable   N/A       N/A         2

Dungeon Overview and Level Annotations

Branches:
Dungeon (4/15)
 Temple: D:4-7

Altars:
Hepliaklqana

Shops:
D:2 (   D:3 !


Innate Abilities, Weirdness & Mutations

You are a hulking beast.
Your limbs bulge with bestial killing power. (Slay +1)
Your life essence is reduced to manifest your ancestor. (-10% HP)
You are immune to sickness and miasma.
Your stone body is resilient. (AC +4)
You are immune to poison.
You resist negative energy. (rN+)
You are resistant to electric shocks. (rElec)
You are resistant to unholy torment.
You are immune to petrification.
You are partially covered in large bone plates. (SH +4)
Your spells are a little harder to cast, but a little more powerful.
You expend magic power (3 MP) to strengthen your wands.


Message History

You climb downwards.
There is a stone staircase leading up here.
A dart slug comes into view.
A killer bee comes into view.
You hit the dart slug.
The dart slug is severely wounded.
You block the dart slug's attack.
You puncture the dart slug!
You kill the dart slug!
A killer bee comes into view.
The killer bee stings you but does no damage. x2
A killer bee comes into view.
The killer bee stings you.
You puncture the killer bee!
The killer bee is heavily wounded.
The killer bee barely misses you. The killer bee closely misses you. x2
The killer bee stings you but does no damage.
The killer bee stings you!
You barely miss the killer bee.
The killer bee is heavily wounded.
The killer bee misses you. The killer bee barely misses you.
The killer bee stings you.
The killer bee stings you but does no damage. x2
The killer bee stings you.
The killer bee stings you but does no damage.
The killer bee stings you.
* * * LOW HITPOINT WARNING * * *
The killer bee stings you.
* * * LOW HITPOINT WARNING * * *
You swap places.
The killer bee stings Namzu!
The killer bee closely misses Namzu.
The killer bee stings Namzu.
Namzu closely misses the killer bee.
The killer bee stings Namzu.
Namzu is destroyed!
The killer bee barely misses you.
There is a stone staircase leading up here.
The killer bee barely misses you. You block the killer bee's attack.
The killer bee stings you but does no damage.
You climb upwards.
There is a stone staircase leading down here.
You barely miss the killer bee. The killer bee stings you.
You die...

.#........#.R.#.##...............
.#.###....###.#..##........).....
.#..........R.#...##............#
.########.#####.#..##..........##
.#......#.#####.##'###........##
.#.###..............#####''######
.#.# #..............##.....R.....
.#.###.....##..y>y..##.##########
...^.......####.h#####.#
#..........# ##.# #.#
##.8.......# #.# #.# ⌠##...#.####
#.# #.# .###..#.# #.# #.# ⌠#
##.#.# #.# #.# ## #.#.########.#
#.# #. #.#.#........# #.# .
#.#.#.############.#


You could see 2 killer bees.

Vanquished Creatures
  Crazy Yiuf (D:3)
  Natasha (thrice) (D:3)
  A gnoll (D:1)
  2 adders (D:3)
  3 dart slugs
  2 orcs (D:3)
  6 ball pythons
  6 bats
  4 endoplasms (D:1)
  3 giant cockroaches
  6 hobgoblins
  4 jackals (D:2)
  6 kobolds
  3 quokkas
  3 frilled lizards
  3 goblins
  4 rats
60 creatures vanquished.

Vanquished Creatures (collateral kills)
  A frilled lizard (D:3)
1 creature vanquished.

Vanquished Creatures (others)
  An ancestor (D:4)
1 creature vanquished.

Grand Total: 62 creatures vanquished

Notes
Turn   | Place    | Note
-------+----------+-------------------------------------------
     0 | D:1      | CraigForest the Gargoyle Shapeshifter began the quest for
                  | the Orb.
     0 | D:1      | Reached XP level 1. HP: 12/12 MP: 1/1
   114 | D:1      | Reached XP level 2. HP: 11/16 MP: 2/2
   268 | D:1      | Reached XP level 3. HP: 19/20 MP: 3/3
  1219 | D:2      | Found a faded altar of an unknown god.
  1277 | D:2      | Found a hazy altar of Hepliaklqana.
  1283 | D:2      | Became a worshipper of Hepliaklqana the Forgotten
  1357 | D:2      | Found Gefiowil's Weapon Boutique.
  1372 | D:2      | Reached XP level 4. HP: 25/25 MP: 4/4
  1396 | D:2      | Identified the +12 short sword of the Final Decision
                  | {heavy, Drain Fragile Dex+8 Stlth+}
  1756 | D:3      | Reached skill level 4 in Unarmed Combat
  1820 | D:3      | Noticed Natasha
  1822 | D:3      | Killed Natasha
  1922 | D:3      | Reached skill level 1 in Armour
  1956 | D:3      | Found a faded altar of an unknown god.
  1998 | D:3      | Reached * piety under Hepliaklqana
  2024 | D:3      | Found a runed translucent door.
  2025 | D:3      | Noticed Crazy Yiuf
  2094 | D:3      | Found Iloash's Distillery.
  2102 | D:3      | Bought a potion of mutation for 88 gold pieces
  2102 | D:3      | Gained mutation: You are partially covered in large bone
                  | plates. (SH +4) [potion of mutation]
  2102 | D:3      | Gained mutation: Your spells are a little harder to cast,
                  | but a little more powerful. [potion of mutation]
  2102 | D:3      | Gained mutation: You expend magic power (3 MP) to
                  | strengthen your wands. [potion of mutation]
  2105 | D:3      | Noticed Natasha
  2111 | D:3      | Killed Natasha
  2112 | D:3      | Reached skill level 1 in Stealth
  2112 | D:3      | Reached XP level 5. HP: 26/26 MP: 5/5
  2554 | D:3      | Noticed Natasha
  2560 | D:3      | Killed Natasha
  2561 | D:3      | Reached skill level 1 in Short Blades
  2634 | D:3      | Killed Crazy Yiuf
  2778 | D:3      | Slain by a killer bee

Illustrated notes

Levels and vault maps discovered:
D:1:      doesnt_arrival_eight_statues, layout_basic
D:2:      layout_loops_ring, basic_altar, shapermc_ecumenical_altar_notcrosses,
          serial_shops, shop, hex_medium, minmay_misc_feat_columns,
          serial_bayou_lagoon_b
D:3:      kennysheep_big_flooded_room, layout_basic,
          nicolae_overflow_ecumenical_swirl, serial_shops,
          nicolae_shop_industrial_runoff, corexii_item_surrounded_by_moat,
          item_on_display_a, uniq_crazy_yiuf_cottage, uniq_natasha
D:4:      layout_rooms, minmay_temple_entry_large_hall

Skill      XL: |  1  2  3  4  5 |
---------------+----------------+-----
Dodging        | 2 |  2.5
Unarmed Combat | 4 |  4.0
Shapeshifting  | 3 |  3.0
Armour         | 1 2 |  2.1
Stealth        | 1 |  1.4
Short Blades   | 1 |  1.3
Fighting       | |  1.4
Shields        | |  0.1

Action                     |  1- 3 |  4- 6 || total
---------------------------+-------+-------++-------
  Melee: Unarmed           |   103 |       ||   103
         Punch             |     3 |     2 ||     5
         Short sword       |       |    48 ||    48
    Use: Scroll            |     1 |     4 ||     5
         Potion            |       |     1 ||     1
   Stab: Sleeping          |       |     2 ||     2
 Armour: Animal skin       |    13 |       ||    13
         Scale mail        |    18 |    33 ||    51
         Robe              |    13 |       ||    13
         Leather armour    |    10 |       ||    10
  Dodge: Dodged            |    59 |    21 ||    80
  Block: Other             |       |     6 ||     6

Table legend: (Time is in decaauts)
 A = Elapsed time spent in this place.
 B = Non-inter-level travel time spent in this place.
 C = Inter-level travel time spent in this place.
 D = Time resting spent in this place.
 E = Time spent auto-exploring this place.
 F = Levels seen in this place.
 G = Mean time per level.
                   A        B        C        D        E       F      G
               +--------+--------+--------+--------+--------+-----+--------+
         Total |   2824 |   2721 |    103 |      0 |   2193 |   4 |  706.0 |
       Dungeon |   2824 |   2721 |    103 |      0 |   2193 |   4 |  706.0 |
               +--------+--------+--------+--------+--------+-----+--------+

Top non-repeatable levels by time:
     D:3: 1059 daAuts
     D:1: 939 daAuts
     D:2: 813 daAuts
     D:4: 11 daAuts
